 Dungeon Crawl Stone Soup version 0.32-a0-520-g344ed53f66 (webtiles) character file.

Game seed: 7140017665388142253

0 lunkers the Cudgeller (level 1, 0/17 HPs)
             Began as a Mountain Dwarf Warper on Feb 27, 2024.
             Slain by a gnoll
             ... wielding a +0 whip
              (4 damage)
             ... on level 1 of the Dungeon.
             The game lasted 00:00:14 (102 turns).

lunkers the Cudgeller (Mountain Dwarf Warper)        Turns: 102, Time: 00:00:14

Health: 0/17       AC:  3    Str: 13    XL:     1   Next: 8%
Magic:  3/3        EV: 11    Int: 13    God:
Gold:   0          SH:  0    Dex:  9    Spells: 3/3 levels left

rFire   . . .        a - +0 mace
rCold   . . .        (no shield)
rNeg    . . .        b - +0 leather armour
rPois   .            (no helmet)
rElec   .            (no cloak)
rCorr   .            (no gloves)
SInv    .            (no boots)
Will    .....        (no amulet)
Stlth   +            (no ring)
HPRegen 0.22/turn    (no ring)
MPRegen 0.08/turn

%: no passive effects
@: no status effects
A: runic magic, artefact enchanting
a: no special abilities


You were on level 1 of the Dungeon.
You visited 1 branch of the dungeon, and saw 1 of its levels.

Inventory:

Hand Weapons
 a - a +0 mace (weapon)
Missiles
 d - 7 darts of dispersal
Armour
 b - a +0 leather armour (worn)
Scrolls
 c - a scroll of blinking


   Skills:
 - Level 2.1 Fighting
 + Level 2.5 Maces & Flails
 - Level 0.7 Throwing
 - Level 1.1 Armour
 - Level 1.3 Dodging
 - Level 1.7 Spellcasting
 - Level 2.4 Translocations


You had 3 spell levels left.
You didn't know any spells.
Your spell library contained the following spells:

 Spells                   Type           Power      Damage    Failure   Level
 Blink                    Tloc           14%        N/A       16%         2
 Lesser Beckoning         Tloc           14%        N/A       16%         2
 Teleport Other           Tloc           7%         N/A       30%         3
 Manifold Assault         Tloc           7%         N/A       69%         4
 Vhi's Electric Charge    Tloc/Air       8%         N/A       86%         4


Dungeon Overview and Level Annotations

Branches:
Dungeon (1/15)

Altars:


Innate Abilities, Weirdness & Mutations

Your spellcasting is much less encumbered by armour.
You can use scrolls of enchantment on lesser artefacts.


Message History

A gnoll comes into view. It is wielding a +0 whip.
The gnoll shouts!
A gnoll is nearby!
The gnoll hits you with a +0 whip.
You barely miss the gnoll. The gnoll hits you with a +0 whip.
* * * LOW HITPOINT WARNING * * *
You hit the gnoll.
The gnoll is lightly wounded.
The gnoll closely misses you.
You hit the gnoll.
The gnoll is severely wounded.
The gnoll closely misses you. The gnoll completely misses you.
You hit the gnoll.
The gnoll is almost dead.
The gnoll hits you with a +0 whip.
* * * LOW HITPOINT WARNING * * *
You closely miss the gnoll.
The gnoll is almost dead.
The gnoll barely misses you.
You closely miss the gnoll.
The gnoll is almost dead.
The gnoll barely misses you.
You barely miss the gnoll.
The gnoll is almost dead.
The gnoll closely misses you. The gnoll barely misses you.
You hit the gnoll but do no damage.
The gnoll is almost dead.
The gnoll closely misses you.
You closely miss the gnoll.
The gnoll is almost dead.
The gnoll closely misses you.
You closely miss the gnoll.
The gnoll is almost dead.
The gnoll hits you with a +0 whip.
* * * LOW HITPOINT WARNING * * *
The gnoll barely misses you.
You barely miss the gnoll.
The gnoll is almost dead.
The gnoll hits you with a +0 whip.
You die...

........#.#####
#)....#.# #.#)..#.#
#.......#
##########.#.#.#######
#<.~P♣P~≈#.#.#.......#
#....[~♣~#.#.#.#...#.#
#≈♣P.....'.#.#.#.#.#
#♣~~♣P.♣P#.#.#@# # #
#####+###.#.#g#
#.#.#.# #.# #.# #.#
#.# #.# #.# ..# #.#
### #.#


You could see a gnoll.

Vanquished Creatures
  A ball python (D:1)
1 creature vanquished.

Notes
Turn   | Place    | Note
-------+----------+-------------------------------------------
     0 | D:1      | lunkers the Mountain Dwarf Warper began the quest for the
                  | Orb.
     0 | D:1      | Reached XP level 1. HP: 17/17 MP: 3/3
   102 | D:1      | Slain by a gnoll

Illustrated notes

Levels and vault maps discovered:
D:1:      tarquinn_simple_flora_water_f, layout_basic

Action                     || total
---------------------------++-------
  Melee: Mace              ||    15
 Armour: Leather armour    ||    14
  Dodge: Dodged            ||    11

Table legend: (Time is in decaauts)
 A = Elapsed time spent in this place.
 B = Non-inter-level travel time spent in this place.
 C = Inter-level travel time spent in this place.
 D = Time resting spent in this place.
 E = Time spent auto-exploring this place.
 F = Levels seen in this place.
 G = Mean time per level.
                   A        B        C        D        E       F      G
               +--------+--------+--------+--------+--------+-----+--------+
         Total |    106 |    106 |      0 |      0 |     80 |   1 |  106.0 |
       Dungeon |    106 |    106 |      0 |      0 |     80 |   1 |  106.0 |
               +--------+--------+--------+--------+--------+-----+--------+

Top non-repeatable levels by time:
     D:1: 106 daAuts
